Introsp3ctive, lawful male human Samurai ------------ ------------------- ------ |..)).)...%%... |..|...............| |....| --...------..------ ---...........(.....---- --.--.--- ----..--| |-......-- |......................-- |.......| --.......| |........| ---.........^........|..-- -----....--- |....@f..--- --......-- ---------------------..-- --..|..---- --...---...-- -------- --..---...^.-- ----- --...--- ---------- --())).....| ---...------------ ---........----- -----..---- ................---..............| --%..| ----------.---..................----------- .%--..-- --- ....................|........-----.--..-- ..... ......[. .......-----........--..| ..<...........--| -------%%....| ................| |.......| -----..(....---- -------- |.......| -------- Introsp3ctive the Ninja Experience level: 8 Strength: 18 Dexterity: 12 Constitution: 18 Intelligence: 10 Wisdom: 11 Charisma: 7 Health: 0(84) Energy: 35(35) AC: 3 Gold: 490 Moves: 3855 Your Inventory: Coins $ - 490 gold pieces Weapons a - an uncursed rusty +0 katana c - an uncursed +0 yumi (weapon in hand) d - 23 uncursed +0 ya (in quiver) h - an uncursed [+0] thirsty silver saber (alternate weapon; not wielded) Armor e - an uncursed rustproof +0 splint mail (being worn) i - an uncursed +0 pair of jumping boots (being worn) E - an [uncursed] +0 dwarvish cloak (being worn) Comestibles n - an uncursed Strawberry Smoothie Scrolls H - a cursed scroll labeled GHOTI [of create monster] L - 3 uncursed scrolls labeled VAS CORP BET MANI [of teleportation] Z - a [blessed] scroll labeled LEP GEX VEN ZEA [of gold detection] Potions m - 3 uncursed silver potions [of object detection] r - an uncursed indigo potion [of blindness] s - an uncursed puce potion [of healing] S - 2 [uncursed] yellow potions [of extra healing] X - an [uncursed] magenta potion [of full healing] Rings O - an [uncursed] ivory ring [of teleport control] Wands x - an uncursed bone wand [of secret door detection (0:13)] C - an uncursed wand of striking [0:3] I - an uncursed chrome wand [of make invisible (0:4)] Y - an [uncursed] bone wand [of secret door detection (0:11)] Tools f - an [uncursed magic] whistle g - an uncursed bell w - an uncursed key [skeleton key] F - an uncursed towel G - an uncursed bag of tricks [0:17] M - an uncursed [+0] pick-axe [of warning] P - an [uncursed] partly used [wax] candle (lit) T - an [uncursed] bugle U - an [uncursed] key [skeleton key] V - 4 [uncursed tallow] candles W - an [uncursed wax] candle Gems j - an [uncursed] green gem [worthless glass] k - an [uncursed] green gem [emerald] l - an [uncursed] red gem [worthless glass] o - an [uncursed] violet gem [amethyst] p - an [uncursed] white gem [diamond] K - an uncursed black gem [worthless glass] R - an [uncursed] white gem [worthless glass] Spells known in the end: Name Level Category Fail Memory Your skills at the end: Fighting Skills martial arts [Basic / Master] Weapon Skills short sword [Basic / Expert] long sword [Basic / Expert] saber [Basic / Basic] bow [Basic / Expert] Spellcasting Skills Final Attributes: You were piously aligned. Hunger level was 573. Your alignment was 28 / 29. Monster difficulty range was 1 - 9. Level difficulty was 11. You could jump. You were fast. Your luck was zero. You are dead. Vanquished creatures: a small mimic a large dog a shocking sphere 2 giant spiders a forest centaur a water nymph a rock piercer a shrieker 17 gnome lords 6 gnomish wizards a golden naga hatchling a gray ooze a straw golem a giant ant a little dog 2 floating eyes 3 dwarves 2 rothes a rabid rat a centipede a giant bat a monkey a wererat an iguana 3 hobbits 2 manes a large kobold 2 cave spiders 2 brown molds 54 gnomes 6 garter snakes a gecko 5 jackals a fox a goblin 6 grid bugs 3 bats a lichen 6 newts 144 creatures vanquished. Voluntary challenges: You were illiterate. You used a wielded weapon 157 times. You put on armor 7 times. You never genocided any monsters. You never polymorphed an object. You never changed form. You used no wishes. You never wrote Elbereth's name. You never encountered a bones level. You never used any Sokoban shortcuts. Dungeon overview: The Dungeons of Doom: levels 1 to 5 Level 1 some fountains a long staircase Level 2 (Stash Box) an altar to Amaterasu Omikami stairs to The Gnomish Mines Level 3 a sink Level 4 a jewelry store, a fountain Level 5 a fountain The Gnomish Mines: levels 3 to 11 Level 3 stairs to The Dungeons of Doom Level 5 some shops, a temple to Amaterasu Omikami, a magic chest, some fountains Level 11 <- You were here History has recorded: On T:1 you entered the Dungeons of Doom to retrieve the Amulet of Yendor! On T:375 you reached level 2 of The Dungeons of Doom. On T:567 you advanced to experience level 2. On T:810 you reached level 3 of The Dungeons of Doom. On T:839 you advanced to experience level 3. On T:1115 you advanced to experience level 4. On T:1147 you reached level 4 of The Dungeons of Doom. On T:1389 you advanced to experience level 5. On T:1446 you reached level 5 of The Dungeons of Doom. On T:1963 you reached level 1 of The Gnomish Mines. On T:2002 you advanced to experience level 6. On T:2288 you reached level 2 of The Gnomish Mines. On T:2704 you reached level 3 of The Gnomish Mines. On T:2813 you advanced to experience level 7. On T:2984 you reached level 4 of The Gnomish Mines. On T:3056 you reached level 5 of The Gnomish Mines. On T:3329 you reached level 6 of The Gnomish Mines. On T:3368 you reached level 8 of The Gnomish Mines. On T:3550 you reached level 9 of The Gnomish Mines. On T:3613 you advanced to experience level 8. Latest messages: You see here an arrow. (2x) [HP+1=24] [2 turns] [HP+1=25] [2 turns] [HP+1=26] You hit the large cat. The large cat bites! [HP-2=24] You hit the large cat. The large cat bites! (3x) [HP-16=8] [2 turns] The wand hits the large cat. The large cat bites! [HP-6=2] The wand misses the large cat. The large cat bites! You die... Final status: Sayonara Introsp3ctive the Samurai... You died in The Gnomish Mines on dungeon level 11 with 2417 points, and 490 pieces of gold, after 3855 moves. You were level 8 with a maximum of 84 hit points when you died.